Map: Catalyst LE

Players

JimRising

  • Race: Zerg Zerg
  • League: Grandmaster
  • Spawn Location: 5:00

Kelazhur - Winner!

  • Race: Terran Terran
  • League: Diamond
  • Spawn Location: 11:00

VOD

Have the link to the VOD?

Description

Time

  • Played on: Feb. 3, 2018, 3:11 p.m.
  • Length: 6:07
Show
View Real Time Build Order
Export as new Build Order

JimRising Zerg 

Build Orders: Pool First 

Get SALT Encoding   

  12  0:01  Drone  
  13  0:12  Overlord  
  13  0:17  Drone  
  14  0:31  Drone x2  
  14  0:34  Drone  
  17  0:46  Spawning Pool  
  17  0:47  Drone  
  17  0:58  Drone  
  18  1:14  Hatchery  
  18  1:17  Extractor  
  16  1:31  Drone  
  16  1:32  Queen  
  17  1:33  Zergling x2  
  17  1:36  Overlord  
  20  1:42  Drone  
  21  1:54  Drone  
  22  2:05  Drone  
  23  2:09  Queen  
  23  2:15  Drone  
  26  2:21  Metabolic Boost  
  26  2:28  Drone  
  26  2:29  Drone  
  30  2:36  Drone  
  31  2:39  Drone  
  31  2:42  Overlord  
  31  2:43  Drone x2  
  32  2:52  Spore Crawler  
  32  2:57  Drone x2  
  34  3:00  Hatchery  
  33  3:08  Zergling x4  
  34  3:13  Drone  
  34  3:14  Overlord  
  35  3:28  Drone x2  
  35  3:33  Evolution Chamber, Roach Warren, Zergling x8  
  39  3:39  Overlord  
  39  3:43  Drone  
  39  4:16  Roach x6  
  39  4:17  Roach x2  
  55  4:23  Roach x3  
  61  4:26  Roach  
  61  4:27  Overlord  
  61  4:28  Zergling x4  
  65  4:35  Overlord  
  65  4:36  Zergling x2  
  66  4:47  Zergling x6  
  66  4:48  Zergling x2  
  70  4:57  Zergling x12  
  73  5:05  Zergling x2  
  69  5:08  Zergling x10  
  69  5:10  Ravager  
  75  5:16  Zergling x4  
  61  5:31  Zergling x4  
  61  5:36  Zergling x6  
  61  5:37  Zergling x2  
  61  5:40  Zergling x6  
Show
View Real Time Build Order
Export as new Build Order

Kelazhur Terran - Winner!

Build Orders: Reaper Expand, Hellion Banshee 

Get SALT Encoding   

  12  0:00  SCV  
  13  0:12  SCV  
  14  0:17  Supply Depot  
  14  0:24  SCV  
  15  0:39  SCV, Barracks  
  16  0:44  Refinery  
  16  0:51  SCV  
  17  1:03  SCV  
  18  1:15  SCV  
  19  1:26  Reaper  
  19  1:27  Orbital Command  
  20  1:39  Command Center  
  20  1:51  Supply Depot  
  20  1:53  SCV  
  21  1:58  Marine  
  22  2:05  SCV  
  23  2:08  Factory  
  23  2:17  SCV  
  23  2:20  Barracks Reactor  
  23  2:21  Refinery  
  24  2:29  SCV  
  25  2:41  SCV  
  26  2:53  SCV  
  26  2:56  Starport  
  28  3:01  Orbital Command  
  28  3:04  Hellion x2  
  31  3:06  SCV  
  31  3:07  Barracks Tech Lab  
  32  3:18  SCV  
  33  3:25  Hellion  
  33  3:26  Hellion  
  37  3:27  SCV  
  37  3:30  SCV  
  39  3:37  Supply Depot  
  39  3:39  SCV  
  40  3:41  Cloaking Field, Banshee  
  40  3:42  SCV  
  44  3:51  SCV  
  44  3:54  SCV  
  46  3:59  Supply Depot  
  46  4:01  Hellion x2  
  49  4:03  SCV  
  50  4:12  SCV  
  50  4:14  Command Center  
  50  4:15  SCV  
  52  4:24  SCV, Banshee  
  52  4:26  Supply Depot  
  52  4:28  SCV  
  57  4:37  Refinery  
  57  4:38  SCV, Refinery  
  58  4:40  SCV  
  58  4:44  Armory  
  59  4:47  Hellion  
  59  4:48  Hellion  
  59  4:51  Marine  
  60  4:54  SCV  
  60  4:56  Bunker  
  60  4:57  SCV  
  58  5:06  SCV  
  58  5:09  SCV  
  59  5:18  SCV  
  59  5:21  SCV, Marine  
  60  5:27  Orbital Command  
  56  5:30  SCV  
  56  5:33  Cyclone x2, SCV  
  60  5:43  SCV  
  60  5:46  SCV  
  60  5:55  SCV  
Tags
 
Add a new tag
Caveats
  • Supply blocks, unpowered buildings, or Contaminate may cause inaccurate times.
  • Supply counts are checked every 10 seconds.